 Dungeon Crawl Stone Soup version 0.17.1-1-g73c8601 (webtiles) character file.

11606 Arkorax the Destroyer (level 11, -22/85 HPs)
             Began as a Yellow Draconian Conjurer on Dec 27, 2015.
             Was an Elder of Sif Muna.
             Annihilated by a shadow (26 damage)
             ... on level 11 of the Dungeon.
             The game lasted 00:48:04 (20615 turns).

Arkorax the Destroyer (Yellow Draconian Conjurer)  Turns: 20615, Time: 00:48:04

Health: -22/85     AC: 10    Str: 12    XL:     11   Next: 51%
Magic:  14/23      EV: 14    Int: 19    God:    Sif Muna [****..]
Gold:   356        SH:  0    Dex: 12    Spells: 6 memorised, 7 levels left

rFire  . . .     SeeInvis .     z - +1 dagger (venom)
rCold  . . .     Clarity  .     (armour unavailable)
rNeg   . . .     SustAt   .     (no shield)
rPois  .         Gourm    .     (helmet restricted)
rElec  .         Spirit   .     e - +0 cloak
rCorr  +         Warding  .     A - +0 pair of gloves
rMut   .         Stasis   .     H - +0 pair of boots
MR     .....                    (no amulet)
Stlth  ++........               (no ring)
                                s - +2 ring of strength

@: not resistant to hostile enchantments, unstealthy
A: spit acid, acid resistance, unfitting armour, cold-blooded, AC +7
a: Spit Acid, Channel Energy, Forget Spell, Renounce Religion


You were on level 11 of the Dungeon.
You worshipped Sif Muna.
Sif Muna was greatly pleased with you.
You were not hungry.

You visited 2 branches of the dungeon, and saw 12 of its levels.

You collected 495 gold pieces.
You spent 139 gold pieces at shops.

Inventory:

Hand Weapons
 x - a +0 blowgun
 z - a +1 dagger of venom (weapon)
 F - a +0 quarterstaff
Missiles
 y - 41 poisoned needles
Armour
 e - a +0 cloak (worn)
 A - a +0 pair of gloves (worn)
 D - a +0 shield
 H - a +0 pair of boots (worn)
Jewellery
 h - an uncursed amulet of stasis
 s - a +2 ring of strength (left hand)
 J - an uncursed amulet of guardian spirit
Wands
 n - a wand of slowing (22)
 u - a wand of random effects (23)
Scrolls
 c - a scroll of immolation
 d - 3 scrolls of recharging
 m - a scroll of magic mapping
 p - 3 scrolls of fog
 r - 3 scrolls of remove curse
 v - 5 scrolls of identify
 w - a scroll of blinking
 B - 2 scrolls of amnesia
 C - a scroll of enchant weapon
Potions
 b - a potion of flight
 k - a potion of heal wounds
 q - 2 potions of agility
 G - a potion of poison
Books
 a - a book of Conjurations

   Spells                             Type                      Level
   a - Magic Dart                     Conjuration                  1
   b - Searing Ray                    Conjuration                  2
   c - Dazzling Spray                 Conjuration/Hexes            3
   d - Fulminant Prism                Conjuration/Hexes            4
   e - Iskenderun's Mystic Blast      Conjuration                  4
   f - Iskenderun's Battlesphere      Conjuration/Charms           5
 f - a book of Necromancy

   Spells                             Type                      Level
   a - Pain                           Necromancy                   1
   b - Animate Skeleton               Necromancy                   1
   c - Vampiric Draining              Necromancy                   3
   d - Regeneration                   Charms/Necromancy            3
   e - Animate Dead                   Necromancy                   4
   f - Control Undead                 Necromancy                   4
 j - a book of Hinderance

   Spells                             Type                      Level
   a - Confusing Touch                Hexes                        2
   b - Confuse                        Hexes                        3
   c - Gell's Gravitas                Hexes/Translocation          3
   d - Petrify                        Transmutation/Earth          4
   e - Metabolic Englaciation         Hexes/Ice                    5
 o - a book of Death

   Spells                             Type                      Level
   a - Corpse Rot                     Necromancy                   2
   b - Sublimation of Blood           Necromancy                   2
   c - Agony                          Necromancy                   5
   d - Dispel Undead                  Necromancy                   5
   e - Excruciating Wounds            Charms/Necromancy            5
   f - Bolt of Draining               Conjuration/Necromancy       5
Comestibles
 g - a slice of pizza
 l - a fruit
 t - a beef jerky


   Skills:
 - Level 4.8 Fighting
 + Level 4.8 Dodging
 - Level 1.7 Stealth
 + Level 8.5 Spellcasting
 - Level 10.5 Conjurations
 - Level 6.0 Hexes
 - Level 8.0 Charms


You had 7 spell levels left.
You knew the following spells:

 Your Spells              Type           Power        Failure   Level  Hunger
a - Magic Dart            Conj           ####         1%          1    None
b - Dazzling Spray        Conj/Hex       #####...     1%          3    None
c - Fulminant Prism       Conj/Hex       #####.....   3%          4    ###....
d - Iskenderun's Battles  Conj/Chrm      #####...     8%          5    #####..
e - Iskenderun's Mystic   Conj           #####...     1%          4    ###....
f - Regeneration          Chrm/Necr      ###.......   6%          3    None


Dungeon Overview and Level Annotations

Branches:
Dungeon (11/15)            Temple (1/1) D:7             Orc (0/4) D:10
   Lair: D:8-11

Altars:
Ashenzari
Cheibriados
Dithmenos
Elyvilon
Fedhas
Gozag
Kikubaaqudgha
Makhleb
Nemelex Xobeh
Okawaru
Qazlal
Ru
Sif Muna
Trog
Xom
Yredelemnul
Zin
The Shining One

Shops:
D:6 }   D:8 [   D:10 [


Innate Abilities, Weirdness & Mutations

You can spit globs of acid.
You are resistant to acid.
Your golden yellow scales are hard (AC +7).
Your body does not fit into most forms of armour.
You are cold-blooded and may be slowed by cold attacks.


Message History

You hit the shadow but do no damage.
The shadow is almost destroyed.
The shadow barely misses you.
You closely miss the shadow.
The shadow is almost destroyed.
The shadow slips into darkness.
The shadow flickers and vanishes!
Deactivating autopickup; reactivate with Ctrl-A.
You hit something but do no damage.
The shadow strikes at you from the darkness!
* * * LOW HITPOINT WARNING * * *
Reactivating autopickup.
You hit the shadow but do no damage.
The shadow is almost destroyed.
The shadow slips into darkness.
The shadow flickers and vanishes!
Deactivating autopickup; reactivate with Ctrl-A.
You hit something.
The shadow strikes at you from the darkness!
You die...

#### #..# #@.##
#{##.##### #+### ..#
##....## #....
.....##......##.....
...#.......#.......#
.. ###....####....##
. #....####....###
#.......#.......#.
....##......##......


There were no monsters in sight!

Vanquished Creatures
  A hill giant (D:10)
  An unseen horror (D:9)
  A troll (D:10)
  A trapdoor spider zombie (D:10)
  Sigmund (D:5)
  A hog (D:9)
  A deep elf fighter (D:8)
  6 yaks
  Grum (D:9)
  2 wyverns
  2 deep elf magi
  5 wolves (D:9)
  3 water moccasins
  3 ice beasts
  A sky beast (D:9)
  4 wasps
  An eye of draining (D:10)
  6 orc warriors
  A black bear (D:7)
  6 ogres
  3 centaurs
  5 giant frogs
  A gnoll sergeant (D:10)
  A water moccasin zombie (D:9)
  A scorpion (D:8)
  15 killer bees
  2 quasits (D:6)
  An electric eel (D:9)
  11 wights
  5 centaur zombies
  11 crimson imps
  5 jellies
  4 hounds
  2 centaur skeletons
  9 orc wizards
  9 orc priests
  Ijyb (D:3)
  A giant frog skeleton (D:6)
  7 worker ants
  Terence (D:3)
  4 iguanas
  A hound zombie (D:10)
  A hound skeleton (D:4)
  A mummy (D:4)
  2 worker ant zombies (D:4)
  10 adders
  21 gnolls
  A shadow imp (D:10)
  2 white imps (D:9)
  An ufetubus (D:9)
  2 oozes
  7 worms
  9 giant geckos
  45 orcs
  4 ball pythons
  8 bats
  3 giant cockroaches
  11 goblins
  4 hobgoblins
  11 jackals
  4 kobolds
  4 quokkas
  A giant gecko zombie (D:7)
  5 giant newts
  A hobgoblin zombie (D:4)
  2 kobold zombies (D:4)
  An orc zombie (D:4)
  6 rats
315 creatures vanquished.

Vanquished Creatures (others)
  A wight (D:10)
  53 fulminant prisms
  A plant (D:4)
55 creatures vanquished.

Grand Total: 370 creatures vanquished

Notes
Turn   | Place    | Note
--------------------------------------------------------------
     0 | D:1      | Arkorax the Draconian Conjurer began the quest for the Orb.
     0 | D:1      | Reached XP level 1. HP: 14/14 MP: 3/3
   280 | D:1      | Reached XP level 2. HP: 18/20 MP: 0/5
   764 | D:1      | Reached XP level 3. HP: 26/26 MP: 4/7
   797 | D:1      | Learned a level 3 spell: Dazzling Spray
   939 | D:2      | Found a shadowy altar of Dithmenos.
  1074 | D:1      | You fall through a shaft!
  1453 | D:2      | Reached skill level 1 in Hexes
  1467 | D:2      | Reached XP level 4. HP: 5/33 MP: 0/8
  1730 | D:2      | Learned a level 4 spell: Fulminant Prism
  2430 | D:2      | Reached XP level 5. HP: 31/38 MP: 1/9
  2645 | D:3      | Reached skill level 5 in Conjurations
  2811 | D:3      | Noticed Terence
  2825 | D:3      | Killed Terence
  3700 | D:3      | Noticed Ijyb
  3712 | D:3      | Killed Ijyb
  3712 | D:3      | Reached XP level 6. HP: 42/45 MP: 2/11
  4335 | D:4      | Your scales start taking on a golden yellow colour.
  4335 | D:4      | Reached XP level 7. HP: 44/50 MP: 5/12
  4345 | D:4      | Reached skill level 6 in Conjurations
  4628 | D:3      | Learned a level 5 spell: Iskenderun's Battlesphere
  5911 | D:5      | Entered Level 5 of the Dungeon
  6151 | D:5      | Noticed Sigmund
  6163 | D:5      | Killed Sigmund
  6163 | D:5      | Reached skill level 5 in Hexes
  6163 | D:5      | Reached XP level 8. HP: 57/57 MP: 2/14
  6684 | D:5      | Reached skill level 1 in Charms
  7237 | D:6      | Reached skill level 5 in Spellcasting
  7860 | D:6      | Reached skill level 7 in Conjurations
  7925 | D:6      | Found Ruffirch's Gadget Emporium.
  8380 | D:6      | Reached XP level 9. HP: 15/62 MP: 4/17
  8887 | D:7      | Found a staircase to the Ecumenical Temple.
  8904 | Temple   | Entered the Ecumenical Temple
  8980 | Temple   | Became a worshipper of Sif Muna the Loreminder
  9898 | D:8      | Reached skill level 5 in Charms
  9962 | D:8      | Reached * piety under Sif Muna
 10143 | D:8      | Reached skill level 8 in Conjurations
 10442 | D:8      | Found Nanoin's Armour Boutique.
 10445 | D:8      | Bought a +0 pair of boots for 63 gold pieces
 11024 | D:8      | Reached ** piety under Sif Muna
 12083 | D:9      | Reached XP level 10. HP: 47/69 MP: 5/20
 13626 | D:9      | Reached *** piety under Sif Muna
 14262 | D:9      | Reached skill level 9 in Conjurations
 14540 | D:9      | HP: 3/69 [poisoned by a killer bee]
 14548 | D:9      | HP: 3/69 [poisoned by a killer bee]
 15178 | D:9      | Noticed Grum
 15330 | D:9      | Reached **** piety under Sif Muna
 15559 | D:9      | Killed Grum
 15579 | D:9      | Reached skill level 10 in Conjurations
 15826 | D:9      | Learned a level 4 spell: Iskenderun's Mystic Blast
 16285 | D:9      | Killed an unseen horror
 16285 | D:9      | Reached XP level 11. HP: 21/74 MP: 9/23
 16683 | D:9      | Noticed an ice dragon
 17055 | D:10     | Entered Level 10 of the Dungeon
 17235 | D:10     | Reached skill level 1 in Fighting
 17709 | D:10     | Found a staircase to the Orcish Mines.
 17724 | D:10     | Noticed a hill giant
 17740 | D:10     | Killed a hill giant
 17814 | D:10     | HP: 4/82 [centaur zombie (5)]
 19472 | D:10     | Learned a level 3 spell: Regeneration
 19700 | D:10     | Found Zipiu's Armour Shoppe.
 19708 | D:10     | Bought a +0 cloak for 76 gold pieces
 20613 | D:11     | HP: 4/85 [something (35)]
 20615 | D:11     | Annihilated by a shadow

Action                   |  1- 3 |  4- 6 |  7- 9 | 10-12 || total
-------------------------+-------+-------+-------+-------++-------
Melee: Unarmed           |    12 |       |       |       ||    12
       Dagger            |    19 |   143 |   381 |   461 ||  1004
 Fire: Blowgun           |       |     5 |     4 |     3 ||    12
 Cast: Magic Dart        |    53 |    17 |    90 |    54 ||   214
       Dazzling Spray    |     5 |    39 |    63 |    30 ||   137
       Fulminant Prism   |       |     1 |    36 |    16 ||    53
       Iskenderun's Myst |       |       |       |    99 ||    99
       Iskenderun's Batt |       |       |       |     7 ||     7
Invok: Channel Energy    |       |       |     4 |    17 ||    21
 Abil: Spit Acid         |       |       |       |     1 ||     1
Evoke: Wand              |       |       |     3 |     6 ||     9
  Use: Potion            |       |     1 |     2 |    20 ||    23
       Scroll            |       |       |    15 |     6 ||    21
 Stab: Invisible         |     2 |     5 |     8 |     3 ||    18
       Sleeping          |     1 |     1 |     3 |     1 ||     6
  Eat: Bread ration      |     1 |       |     1 |     4 ||     6
       Royal jelly       |       |     1 |     1 |     1 ||     3
       Chunk             |       |     8 |     6 |     2 ||    16
       Fruit             |       |     4 |     3 |       ||     7
       Meat ration       |       |       |     3 |     2 ||     5
       Pizza             |       |       |     2 |     7 ||     9
       Beef jerky        |       |       |       |     1 ||     1
